 Dungeon Crawl Stone Soup version 0.31-a0-1139-gec03705108 (webtiles) character file.

Game seed: 13315790827209861550

65807 Gargoyl the Severer (level 15, -4/101 HPs)
             Began as a Gargoyle Berserker on Dec 6, 2023.
             Was an Elder of Trog.
             Shot with an arrow by a centaur warrior (14 damage)
             ... on level 13 of the Dungeon.
             The game lasted 00:25:21 (15349 turns).

Gargoyl the Severer (Gargoyle Berserker)           Turns: 15349, Time: 00:25:21

Health: -4/101     AC: 26    Str: 22    XL:     15   Next: 17%
Magic:  15/15      EV: 15    Int: 14    God:    Trog [****..]
Gold:   1492       SH:  0    Dex: 15    Spells: 14/14 levels left

rFire   . . .        N - +3 broad axe (flame)
rCold   . . .        m - +0 buckler
rNeg    + + .        H - +0 ring mail of Indemnity {Regen+}
rPois   ∞            a - +1 helmet
rElec   +            p - +0 cloak
rCorr   .            D - +0 pair of gloves
SInv    .            q - +1 pair of boots {Fly}
Will    +++..        (no amulet) Stlth
                     v - ring of positive energy
HPRegen 2.16/turn    o - +6 ring of intelligence
MPRegen 0.14/turn

%: no passive effects
@: confused, ambrosia-drunk, strong-willed, on berserk cooldown, flying,
regenerating, slowed, very slow
A: sickness immunity, AC +11, big wings, negative energy resistance 1,
electricity resistance, torment resistance 1, petrification resistance,
screaming 1
a: Renounce Religion, Berserk, Trog's Hand, Brothers in Arms


You were on level 13 of the Dungeon.
You worshipped Trog.
Trog was greatly pleased with you.
You visited 2 branches of the dungeon, and saw 18 of its levels.
You visited the Abyss 1 time.
You also visited: Bailey.

You collected 1579 gold pieces.
You spent 87 gold pieces at shops.

Inventory:

Hand Weapons
 I - a +2 war axe of draining
 M - a +4 hand axe of freezing
 N - a +3 broad axe of flaming (weapon)
 O - a +5 antimagic broad axe
 R - the +10 battleaxe of Colyges {flame, Dex+4}
   (Trog gifted it to you on level 5 of the Lair of Beasts)

   Dex+4:     It affects your dexterity (+4).
Missiles
 l - 11 poisoned darts (quivered)
 Q - 2 throwing nets
Armour
 a - a +1 helmet (worn)
 m - a +0 buckler (worn)
 p - a +0 cloak (worn)
 q - a +1 pair of boots of flying (worn)
 D - a +0 pair of gloves (worn)
 H - the +0 ring mail of Indemnity (worn) {Regen+}
   (You found it on level 7 of the Dungeon)

   Regen+:    It increases your rate of health regeneration.
Jewellery
 o - a +6 ring of intelligence (right hand)
 u - a ring of willpower
 v - a ring of positive energy (left hand)
 y - a ring of willpower
Wands
 h - a wand of iceblast (8)
 j - a wand of polymorph (12)
 s - a wand of flame (38)
 F - a wand of quicksilver (16)
 J - a wand of mindburst (2)
 K - a wand of paralysis (4)
Scrolls
 i - a scroll of torment
 z - 3 scrolls of teleportation
 A - 3 scrolls of identify
 B - 3 scrolls of poison
 E - a scroll of revelation
 G - a scroll of enchant weapon
 P - a scroll of fog
Potions
 b - a potion of resistance
 d - 3 potions of invisibility
 e - 11 potions of mutation
 f - 4 potions of haste
 g - a potion of attraction
 k - 2 potions of lignification
 n - 2 potions of berserk rage
 r - 7 potions of enlightenment
 t - 3 potions of brilliance
 x - 2 potions of cancellation
 C - a potion of magic
 L - 2 potions of might


   Skills:
 + Level 14.7 Fighting
 + Level 17.8(18.0) Axes
 + Level 4.3(13.4) Maces & Flails
 + Level 0.1 Throwing
 + Level 10.3 Armour
 + Level 8.5 Dodging
 + Level 3.4 Stealth
 + Level 7.0 Shields


You had 14 spell levels left.
You didn't know any spells.
Your spell library was empty.

Dungeon Overview and Level Annotations

Branches:
Dungeon (13/15)            Temple (0/1) D:6            Lair (5/5) D:11
  Swamp (0/4) Lair:3        Snake (0/4) Lair:3        Slime (0/5) Lair:5
    Orc (0/2) D:10         Bailey (visited)
 Vaults: D:13-14

Altars:
Ashenzari
Cheibriados
Fedhas
Hepliaklqana
Kikubaaqudgha
Makhleb
Ru
Sif Muna
Trog
Wu Jian
Yredelemnul
Zin
Jiyva

Shops:
D:9 *

Portals:
Hell: Lair:5


Innate Abilities, Weirdness & Mutations

You are immune to sickness and miasma.
Your stone body is resilient. (AC +11)
You are immune to poison.
Your large and strong wings let you fly.
You resist negative energy. (rN+)
You are resistant to electric shocks. (rElec)
You are resistant to unholy torment.
You are immune to petrification.
You occasionally shout uncontrollably at your foes.


Message History

Rupert is severely wounded.
Rupert hits you with a +2 heavy great sword.
You slash Rupert! You burn Rupert.
Rupert is almost dead.
You slice Rupert!! You burn Rupert!
You kill Rupert!
Trog accepts your kill.
Your Shields skill increases to level 7!
Things that are here:
a +2 heavy great sword; a +0 scale mail; the human corpse of Rupert You feel a strong urge to attack something.
A centaur warrior comes into view.
The centaur warrior shouts!
The centaur warrior wields a +0 orcbow.
The centaur warrior shoots an arrow.
The arrow completely misses you.
Things that are here:
a +2 heavy great sword; a +0 scale mail; the human corpse of Rupert You feel your anger nearly subside.
You are no longer berserk.
You are exhausted.
You feel yourself slow down.
The centaur warrior shoots an arrow.
The arrow hits you!!
* * * LOW HITPOINT WARNING * * *
You hear a shout!
Your skin crawls.
You feel strong-willed.
You fail to use your ability.
The centaur warrior shoots an arrow.
The arrow barely misses you.
A centaur comes into view.
The centaur warrior shoots an arrow.
The arrow hits you but does no damage.
The centaur warrior shoots an arrow.
The arrow hits you but does no damage.
The centaur warrior shoots an arrow.
The arrow hits you!
* * * LOW HITPOINT WARNING * * *
You see here a hydra corpse.
The centaur warrior shoots an arrow.
The arrow hits you!
* * * LOW HITPOINT WARNING * * *
You are confused.
You feel invigorated.
The centaur warrior shoots an arrow.
The arrow hits you.
* * * LOW HITPOINT WARNING * * *
The centaur warrior shoots an arrow.
The arrow hits you!
You die...

..# .^# ... #c# #.#
#.# # #.#
#####.#c############
.........†@.........
#####.######.######
... #.######## ###
#.##.....#
#.##.###.#
#........#
#.#####..# #.# #..#
#.# #..#######


You could see a centaur warrior.

Vanquished Creatures
  Rupert (D:13)
  A lich (Abyss:3)
  A tentacled starspawn (Abyss:3)
  A quicksilver dragon zombie (Abyss:3)
  A spriggan zombie (Abyss:3)
  A great orb of eyes (Lair:5)
  7 hydras
  A boulder beetle (D:12)
  2 two-headed ogres
  A catoblepas (Lair:5)
  Erica (D:11)
  6 death yaks (Lair:4)
  An occultist (Lair:5)
  Urug (D:11)
  A soul eater (Abyss:3)
  3 skysharks
  A sun demon (Lair:5)
  A sixfirhy (Abyss:3)
  A swamp dragon (Lair:3)
  2 ugly things (D:12)
  A manticore (D:8)
  2 large abominations (Abyss:3)
  9 elephants
  An apocalypse crab (Abyss:3)
  12 cane toads
  A torpor snail (Lair:4)
  3 orange demons
  6 black mambas
  A gargoyle (D:12)
  A smoke demon (Abyss:3)
  11 komodo dragons
  5 unseen horrors
  4 rime drakes
  2 ice devils (Lair:5)
  2 red devils (Lair:5)
  4 trolls
  A hellwing (Lair:5)
  3 polar bears
  A hornet (D:7)
  17 blink frogs
  2 shadows
  6 slime creatures (D:12)
  A vampire (D:10)
  2 wraiths
  47 yaks
  5 wyverns
  2 basilisks
  Eustachio (D:6)
  A fire elemental (Lair:1)
  3 golden eyes (Abyss:3)
  7 vampire mosquitoes
  A neqoxec (Abyss:3)
  3 chaos spawn (Abyss:3)
  3 small abominations (Abyss:3)
  Edmund (D:5)
  22 water moccasins
  3 hell hounds (Lair:5)
  A naga (Lair:3)
  14 orc warriors
  An ice beast (D:7)
  A sky beast (D:8)
  4 black bears
  An ogre (D:4)
  9 wolves (Lair:2)
  5 centaurs
  2 phantoms
  The ghost of bastapasta the Cutter, an amateur DERe (D:5)
  11 bullfrogs
  3 kobold brigands
  2 scorpions
  12 wights
  5 killer bees (D:9)
  An electric eel (Lair:3)
  8 howler monkeys
  A quasit (Abyss:3)
  A jelly (D:8)
  11 orc priests
  6 iguanas
  An iron imp (Abyss:3)
  2 sleepcaps
  14 orc wizards
  6 gnolls
  12 adders
  3 shadow imps
  A white imp (D:5)
  2 ufetubi (D:7)
  3 worms
  3 dart slugs
  68 orcs
  6 bats
  4 endoplasms
  A giant cockroach (D:1)
  11 goblins
  7 hobgoblins
  23 kobolds
  A quokka (D:2)
  7 ball pythons
  3 frilled lizards
  7 rats
  A starspawn tentacle (Abyss:3)
518 creatures vanquished.

Vanquished Creatures (collateral kills)
  2 howler monkeys (D:7)
2 creatures vanquished.

Vanquished Creatures (others)
  8 foxfires (Abyss:3)
  A starspawn tentacle (Abyss:3)
9 creatures vanquished.

Grand Total: 529 creatures vanquished

Notes
Turn   | Place    | Note
-------+----------+-------------------------------------------
     0 | D:1      | Gargoyl the Gargoyle Berserker began the quest for the Orb.
     0 | D:1      | Reached XP level 1. HP: 14/14 MP: 1/1
   187 | D:1      | Reached XP level 2. HP: 19/19 MP: 2/2
   298 | D:1      | Reached skill level 3 in Axes
   761 | D:2      | Reached XP level 3. HP: 24/24 MP: 3/3
   958 | D:2      | Reached ** piety under Trog
   974 | D:2      | Reached XP level 4. HP: 29/29 MP: 4/4
  1027 | D:2      | Found an ornate altar of the Wu Jian Council.
  1588 | D:3      | Found a faded altar of an unknown god.
  1887 | D:4      | Noticed an ogre
  1888 | D:4      | Noticed a scorpion
  1895 | D:4      | Reached skill level 4 in Axes
  1895 | D:4      | Reached XP level 5. HP: 33/33 MP: 5/5
  1899 | D:4      | Killed an ogre
  1904 | D:4      | Reached XP level 6. HP: 39/39 MP: 6/6
  1983 | D:4      | Reached skill level 5 in Axes
  2372 | D:4      | Reached XP level 7. HP: 44/44 MP: 7/7
  3044 | D:4      | Found a bloodstained altar of Trog.
  3060 | D:4      | Reached skill level 6 in Axes
  3158 | D:4      | Found a shimmering blue altar of Sif Muna.
  3525 | D:5      | Entered Level 5 of the Dungeon
  3607 | D:5      | Reached skill level 5 in Fighting
  3612 | D:5      | Reached *** piety under Trog
  3714 | D:5      | Noticed a wraith
  3737 | D:5      | Killed a wraith
  3738 | D:5      | Reached XP level 8. HP: 21/49 MP: 8/8
  3998 | D:5      | Reached skill level 5 in Armour
  4047 | D:5      | Noticed Edmund
  4056 | D:5      | Killed Edmund
  4057 | D:5      | Reached skill level 7 in Axes
  4234 | D:5      | Found a runed translucent door.
  4235 | D:5      | Noticed bastapasta's ghost (amateur DERe)
  4316 | D:5      | Identified the +6 mace "Umor" {protect, rC++ Will+ Int+2}
  4324 | D:5      | Killed bastapasta's ghost
  4325 | D:5      | Reached skill level 8 in Axes
  4455 | D:6      | Found a hazy altar of Hepliaklqana.
  4564 | D:6      | Reached skill level 1 in Maces & Flails
  4564 | D:6      | Reached XP level 9. HP: 46/55 MP: 9/9
  4575 | D:6      | Reached skill level 9 in Axes
  4750 | D:6      | Noticed Eustachio
  4788 | D:6      | Killed Eustachio
  5083 | D:6      | Found a staircase to the Ecumenical Temple.
  5146 | D:7      | Identified the +0 ring mail of Indemnity {Regen+}
  5237 | D:7      | Reached **** piety under Trog
  5475 | D:7      | Found an ancient bone altar of Kikubaaqudgha.
  5495 | D:7      | Reached skill level 10 in Axes
  5513 | D:7      | Found a broken altar of Ashenzari.
  5776 | D:7      | Noticed a hornet
  5784 | D:7      | Killed a hornet
  5785 | D:7      | Reached XP level 10. HP: 63/63 MP: 10/10
  5966 | D:8      | Noticed a manticore
  5969 | D:8      | Reached skill level 1 in Stealth
  5978 | D:8      | Killed a manticore
  5979 | D:8      | Reached skill level 11 in Axes
  6055 | D:8      | Identified the orb "Jinid" {*channel, rElec Dex+3 Stlth+}
  6156 | D:8      | Reached ***** piety under Trog
  6229 | D:8      | Found a flagged portal.
  6248 | Bailey   | Entered a bailey
  6419 | Bailey   | Reached skill level 12 in Axes
  6419 | Bailey   | Reached skill level 1 in Shields
  6992 | D:9      | Noticed a two-headed ogre
  7005 | D:9      | Killed a two-headed ogre
  7006 | D:9      | Reached skill level 13 in Axes
  7006 | D:9      | Reached XP level 11. HP: 55/68 MP: 11/11
  7070 | D:9      | Found Kocak's Assorted Antiques.
  7085 | D:9      | Bought a scroll of teleportation for 87 gold pieces
  7152 | D:9      | Found a snail-covered altar of Cheibriados.
  7153 | D:9      | Found a glowing silver altar of Zin.
  7155 | D:9      | Found a blossoming altar of Fedhas.
  7160 | D:9      | Found a basalt altar of Yredelemnul.
  7160 | D:9      | Found a sacrificial altar of Ru.
  7430 | D:10     | Entered Level 10 of the Dungeon
  7447 | D:10     | Received a gift from Trog
  7705 | D:10     | Reached skill level 14 in Axes
  7705 | D:10     | Found a staircase to the Orcish Mines.
  8184 | D:11     | Reached skill level 5 in Dodging
  8221 | D:11     | Found a staircase to the Lair.
  8509 | D:11     | Noticed Urug
  8525 | D:11     | Killed Urug
  8681 | D:11     | Noticed Erica
  8691 | D:11     | Killed Erica
  8692 | D:11     | Reached XP level 12. HP: 54/77 MP: 12/12
  9256 | D:12     | Reached skill level 10 in Fighting
  9273 | D:12     | Reached skill level 15 in Axes
  9403 | D:12     | Identified the +1 robe "Hoank" {Rampage}
  9491 | D:12     | Noticed a boulder beetle
  9515 | D:12     | Killed a boulder beetle
 10200 | Lair:1   | Entered Level 1 of the Lair of Beasts
 10278 | Lair:1   | Received a gift from Trog
 10887 | Lair:1   | Reached skill level 16 in Axes
 11078 | Lair:2   | Reached XP level 13. HP: 84/84 MP: 13/13
 12035 | Lair:3   | Received a gift from Trog
 12270 | Lair:3   | Found a snail-covered altar of Cheibriados.
 12276 | Lair:3   | Found a staircase to the Swamp.
 12429 | Lair:3   | You are sucked into a shaft and drop 2 floors!
 12429 | Lair:5   | Entered Level 5 of the Lair of Beasts
 12950 | Lair:4   | Reached skill level 5 in Shields
 13072 | Lair:3   | Found a staircase to the Snake Pit.
 13643 | Lair:4   | Gained mutation: Your large and strong wings let you fly.
                  | [Gargoyle growth]
 13643 | Lair:4   | Reached XP level 14. HP: 92/92 MP: 14/14
 13652 | Lair:4   | Reached skill level 17 in Axes
 14054 | Lair:5   | Reached skill level 10 in Armour
 14148 | Lair:5   | Found a viscous altar of Jiyva.
 14148 | Lair:5   | Found a staircase to the Slime Pits.
 14269 | Lair:5   | Identified the +10 battleaxe of Colyges {flame, Dex+4}
                  | (Trog gifted it to you on level 5 of the Lair of Beasts)
 14269 | Lair:5   | Received a gift from Trog
 14306 | Abyss:2  | Cast into level 2 of the Abyss (an occultist)
 14315 | Abyss:2  | Found a corrupted altar of Lugonu.
 14335 | Abyss:3  | Noticed a lich
 14367 | Abyss:3  | Killed a lich
 14399 | Abyss:3  | Gained mutation: You occasionally shout uncontrollably at
                  | your foes. [a neqoxec]
 14523 | Abyss:3  | Noticed a yellow draconian
 14526 | Abyss:3  | Noticed a daeva
 14618 | Abyss:3  | Found a stormy altar of Qazlal.
 14668 | Abyss:3  | Noticed a tentacled starspawn
 14676 | Abyss:3  | Killed a tentacled starspawn
 14763 | Lair:5   | Escaped the Abyss
 14780 | Lair:5   | Found a burning altar of Makhleb.
 14833 | Lair:5   | Reached XP level 15. HP: 101/101 MP: 15/15
 14849 | Lair:5   | Found a gateway to Hell.
 15329 | D:13     | Noticed Rupert
 15339 | D:13     | Killed Rupert
 15349 | D:13     | Shot with an arrow by a centaur warrior

Illustrated notes

Levels and vault maps discovered:
D:1:      ebering_trefoil_3fold, layout_loops_ring
D:2:      layout_basic, basic_altar
D:3:      layout_basic, ebering_ecumenical_altar_webs
D:4:      layout_layer_cave, nzn_overflow_gifts_of_might_and_magic,
          minmay_joined_circles
D:5:      layout_rooms, ebering_ghost_inner_flame, palyth_stone_intersect,
          minmay_manual_mail, uniq_edmund
D:6:      layout_cave_pools, lemuel_crystal_altar,
          minmay_temple_entry_nine_rooms, uniq_eustachio
D:7:      layout_basic, cheibrodos_ashenzari_chains,
          mainiacjoe_overflow_alcove_1
D:8:      layout_rooms, serial_rivers, chequers_serial_rivers_small_b,
          chequers_serial_rivers_large_a, chequers_serial_rivers_micro_a,
          chequers_serial_rivers_micro_a, chequers_serial_rivers_micro_d,
          chequers_serial_rivers_small_a, special_room [special_room_orc],
          enter_bailey_3
D:9:      layout_cave_pools, grunt_temple_overflow_open, serial_shops, shop
D:10:     layout_loops_cross, david_orc_3
D:11:     layout_layer_cave, david_lair_generic, uniq_urug, uniq_erica
D:12:     layout_basic
D:13:     layout_loops_ring, lightli_vaults_fourway_checkpoint, uniq_rupert
Lair:1:   layout_gridlike
Lair:2:   layout_hall_layers, chequers_serial_rivers_large_b, grunt_megastairs_4
Lair:3:   layout_hall_layers, minmay_swamp_entry_reptiles,
          guppyfry_snake_entry_island, basic_altar, serial_bayou_shore_a
Lair:4:   layout_gridlike
Lair:5:   evil_forest, layout_hall_layers, slime_entry_1

Skill      XL: |  1  2  3  4  5  6  7  8  9 10 11 12 13 14 15 |
---------------+----------------------------------------------+-----
Axes           | 3 4 5 6 8 10 13 14 16 17 | 17.8
Fighting       | 4 5 6 7 8 9 11 12 14 | 14.7
Armour         | 3 4 6 7 8 9 10 | 10.3
Dodging        | 2 3 4 5 6 7 8 |  8.5
Maces & Flails | 1 4 |  4.3
Stealth        | 1 2 3 |  3.4
Shields        | 1 2 3 5 6 7 |  7.0
Throwing       | |  0.1

Action                     |  1- 3 |  4- 6 |  7- 9 | 10-12 | 13-15 || total
---------------------------+-------+-------+-------+-------+-------++-------
  Melee: Hand axe          |   106 |   108 |   113 |    62 |       ||   389
         Punch             |       |     2 |     3 |       |       ||     5
         War axe           |       |    31 |   157 |   612 |   540 ||  1340
         Mace              |       |       |    57 |       |       ||    57
         Broad axe         |       |       |       |       |   193 ||   193
  Throw: Dart              |       |       |       |       |     1 ||     1
 Invoke: Berserk           |       |     1 |     5 |     4 |     8 ||    18
         Trog's Hand       |       |     1 |       |     3 |     9 ||    13
         Brothers in Arms  |       |       |       |       |     3 ||     3
    Use: Scroll            |     5 |     6 |     2 |    11 |     7 ||    31
         Potion            |       |       |       |       |     8 ||     8
   Stab: Sleeping          |       |       |       |       |     1 ||     1
 Armour: Ring mail         |    41 |       |    35 |   520 |   610 ||  1206
         Chain mail        |    37 |   110 |   311 |       |       ||   458
  Dodge: Dodged            |    57 |    56 |   194 |   358 |   434 ||  1099
  Block: Buckler           |       |       |     2 |   125 |   173 ||   300

Table legend: (Time is in decaauts)
 A = Elapsed time spent in this place.
 B = Non-inter-level travel time spent in this place.
 C = Inter-level travel time spent in this place.
 D = Time resting spent in this place.
 E = Time spent auto-exploring this place.
 F = Levels seen in this place.
 G = Mean time per level.
                   A        B        C        D        E       F      G
               +--------+--------+--------+--------+--------+-----+--------+
         Total |  15199 |  14684 |    515 |    135 |  10083 |  21 |  723.8 |
       Dungeon |  10044 |   9715 |    329 |     62 |   7033 |  13 |  772.6 |
          Lair |   4371 |   4186 |    185 |     36 |   2809 |   5 |  874.2 |
         Abyss |    445 |    445 |      0 |     37 |    106 |   2 |  222.5 |
        Bailey |    337 |    337 |      0 |      0 |    134 |   1 |  337.0 |
               +--------+--------+--------+--------+--------+-----+--------+

Top non-repeatable levels by time:
     D:4: 1685 daAuts
    D:11: 1136 daAuts
  Lair:5: 1033 daAuts
  Lair:2: 965 daAuts
    D:12: 923 daAuts
  Lair:4: 901 daAuts
     D:5: 875 daAuts
  Lair:1: 828 daAuts
     D:6: 776 daAuts
     D:7: 750 daAuts
     D:1: 729 daAuts
    D:10: 703 daAuts
     D:2: 700 daAuts
  Lair:3: 642 daAuts
     D:8: 632 daAuts
